 Dungeon Crawl Stone Soup version 0.30-a0-358-g0d69a1922f (webtiles) character file.

Game seed: 17853472439067701708

7672 jlumianski the Cleaver (level 10, -18/77 HPs)
             Began as a Demonspawn Fighter on Nov 9, 2022.
             Was a Believer of Qazlal.
             Killed from afar by Fannar (29 damage)
             ... with a bolt of cold
             ... on level 10 of the Dungeon.
             The game lasted 00:47:36 (9947 turns).

jlumianski the Cleaver (Demonspawn Fighter)         Turns: 9947, Time: 00:47:39

Health: -18/77     AC: 28    Str: 20    XL:     10   Next: 99%
Magic:  14/14      EV:  6    Int: 11    God:    Qazlal [**....]
Gold:   247        SH: 13    Dex: 12    Spells: 9/9 levels left

rFire   + . .      SeeInvis .    q - +2 war axe (vorpal)
rCold   . . .      Faith    .    c - +0 buckler
rNeg    . . .      Spirit   .    u - +0 plate armour
rPois   +          Reflect  +    f - +2 helmet
rElec   .          Harm     .    B - +2 cloak {rPois}
rCorr   .          Rampage  .    (no gloves)
Will    .....                    M - +0 pair of boots
Stlth   ..........               y - amulet of reflection
HPRegen 0.32/turn                p - +4 ring of protection
MPRegen 0.14/turn                (no ring)

@: no status effects
A: molten scales 3, foul stench 1, powered by pain 1
a: Renounce Religion, Upheaval


You were on level 10 of the Dungeon.
You worshipped Qazlal.
Qazlal was pleased with you.
You visited 2 branches of the dungeon, and saw 11 of its levels.

You collected 663 gold pieces.
You spent 416 gold pieces at shops.

Inventory:

Hand Weapons
 a - a +1 war axe
 d - a +4 flail of protection
 m - a +2 trident of freezing
 q - a +2 vorpal war axe (weapon)
 H - a +0 vampiric hand axe
Missiles
 i - 14 poisoned darts (quivered)
 k - 4 curare-tipped darts
 l - 13 boomerangs
 E - 5 javelins
 F - 3 throwing nets
Armour
 b - a +0 scale mail
 c - a +0 buckler (worn)
 f - a +2 helmet (worn)
 j - a +0 chain mail
 n - a +3 scale mail of poison resistance
 u - a +0 plate armour (worn)
 B - a +2 cloak of poison resistance (worn)
 M - a +0 pair of boots (worn)
Jewellery
 p - a +4 ring of protection (left hand)
 y - an amulet of reflection (around neck)
 O - a ring of wizardry
Wands
 z - a wand of flame (14)
 J - a wand of mindburst (7)
 K - a wand of iceblast (4)
Scrolls
 e - a scroll of noise
 r - 3 scrolls of blinking
 s - a scroll of brand weapon
 w - 2 scrolls of teleportation
 A - 3 scrolls of fog {unknown}
 L - a scroll of magic mapping {unknown}
 N - a scroll of enchant weapon
 P - a scroll of identify
Potions
 g - 5 potions of heal wounds
 h - 3 potions of degeneration
 o - a potion of haste
 t - 3 potions of brilliance
 v - 2 potions of lignification
 x - 3 potions of curing
 C - a potion of resistance
 D - a potion of ambrosia
 G - a potion of magic {unknown}
 I - a potion of experience {unknown}


   Skills:
 + Level 6.4 Fighting
 + Level 9.4 Axes
 + Level 1.5 Throwing
 + Level 6.8 Armour
 + Level 3.0 Dodging
 + Level 0.4 Stealth
 + Level 6.0 Shields
 * Level 6.2 Invocations
 * Level 5.6 Evocations


You had 9 spell levels left.
You didn't know any spells.
Your spell library contained the following spells:

 Spells                   Type           Power      Damage    Failure   Level
 Cigotuvi's Dreadful Rot  Necr/Pois/Air  0%         N/A       100%        2
 Ozocubu's Armour         Ice            0%         N/A       100%        3
 Dispel Undead            Necr           0%         3d6       100%        4
 Death Channel            Necr           0%         N/A       100%        6
 Ozocubu's Refrigeration  Ice            0%         4d7       100%        7


Dungeon Overview and Level Annotations

Branches:
Dungeon (10/15)            Temple (1/1) D:5             Orc (0/2) D:9
   Lair: D:8-11

Altars:
Ashenzari
Cheibriados
Dithmenos
Fedhas
Gozag
Hepliaklqana
Kikubaaqudgha
Makhleb
Nemelex Xobeh
Okawaru
Qazlal
Ru
Sif Muna
Trog
Uskayaw
Vehumet
Wu Jian
Xom
Yredelemnul

Shops:
D:6 (=([=   D:7 (

Annotations:
D:10 Fannar


Innate Abilities, Weirdness & Mutations

You are completely covered in molten scales. (AC +4, rF+)
You may rarely emit foul miasma when damaged in melee.
You sometimes gain a little power by taking damage.


Message History

You block the ice beast's attack.
You barely miss the ice beast.
The ice beast is lightly wounded.
The ice beast hits you. The ice beast freezes you!
* * * LOW HITPOINT WARNING * * *
You slash the ice beast!
The ice beast is severely wounded.
You block the ice beast's attack.
You barely miss the ice beast.
The ice beast is severely wounded.
You block the ice beast's attack.
You hit the ice beast.
The ice beast is almost dead.
You block the ice beast's attack.
You slash the ice beast!
You kill the ice beast!
The ice beast disappears in a puff of smoke!
You hit the ice beast.
The ice beast is lightly wounded.
The ice beast barely misses you.
You barely miss the ice beast.
The ice beast is lightly wounded.
You block the ice beast's attack.
Fannar casts a spell.
You hit the ice beast.
The ice beast is moderately wounded.
You block the ice beast's attack.
Fannar murmurs some mystic words to themself.
The ice beast hits you. The ice beast freezes you!
* * * LOW HITPOINT WARNING * * *
You slash the ice beast!
The ice beast is almost dead.
The ice beast hits you but does no damage.
You hit the ice beast but do no damage.
The ice beast is almost dead.
Fannar casts a spell at you.
The bolt of cold hits the ice beast.
The ice beast completely resists.
The bolt of cold hits the ice beast.
The ice beast completely resists.
The bolt of cold hits you!!
You die...

#.......#.#
#.......#.#
#.........#
#.........#
#...........
#.###.....###
#..##.....# .#
#..######.#####.#
#..# #@#.....##
###..# #Y#.......
###....# #Y#.....
#.)....# #e#... ##
#.#.#########Y#.#
..##)†Y.##.Y...YYY.#
.YYY.#...Y..Y(.....#
..##.#†##..........#
..
#Y#†##..........'<..


You could see Fannar, 4 yaks and 2 ice beasts.

Vanquished Creatures
  Urug (D:9)
  The ghost of Maxmaps the Basher, a novice OgMo of the Shining One (D:7)
  An orc knight (D:9)
  A troll (D:9)
  A meliai (D:10)
  A hornet (D:8)
  Sigmund (D:2)
  A wraith (D:7)
  2 wyverns
  6 yaks (D:10)
  3 vampire mosquitoes (D:10)
  4 wargs
  Edmund (D:5)
  A water moccasin (D:5)
  2 ice beasts
  2 black bears
  6 orc warriors
  3 bullfrogs
  2 necrophages
  2 scorpions
  5 killer bees
  6 howler monkeys
  6 hounds
  2 jellies (D:6)
  A gnoll bouda (D:3)
  6 orc priests
  Crazy Yiuf (D:7)
  2 iguanas
  17 orc wizards
  Terence (D:2)
  Robin (D:2)
  8 adders
  4 gnolls
  An ufetubus (D:4)
  2 worms
  A dart slug (D:2)
  39 orcs
  8 ball pythons
  5 endoplasms
  4 giant cockroaches
  17 goblins
  11 hobgoblins
  2 jackals (D:1)
  6 kobolds
  4 quokkas
  3 training dummies (D:7)
  9 bats
  A frilled lizard (D:2)
  4 rats
219 creatures vanquished.

Vanquished Creatures (others)
  38 plants (D:4)
38 creatures vanquished.

Grand Total: 257 creatures vanquished

Notes
Turn   | Place    | Note
-------+----------+-------------------------------------------
     0 | D:1      | jlumianski the Demonspawn Fighter began the quest for the
                  | Orb.
     0 | D:1      | Reached XP level 1. HP: 18/18 MP: 1/1
   271 | D:1      | Reached skill level 2 in Axes
   277 | D:1      | Gained mutation: You are partially covered in molten
                  | scales. (AC +2) [demonic ancestry]
   277 | D:1      | Reached XP level 2. HP: 24/24 MP: 2/2
   692 | D:2      | Noticed Terence
   716 | D:2      | Killed Terence
   717 | D:2      | Reached XP level 3. HP: 11/29 MP: 3/3
   837 | D:2      | Noticed Sigmund
   848 | D:2      | Killed Sigmund
   849 | D:2      | Reached skill level 3 in Axes
   849 | D:2      | Gained mutation: You are mostly covered in molten scales.
                  | (AC +3) [demonic ancestry]
   849 | D:2      | Reached XP level 4. HP: 25/37 MP: 4/4
   849 | D:2      | Gained mutation: You are completely covered in molten
                  | scales. (AC +4, rF+) [demonic ancestry]
   849 | D:2      | Reached XP level 5. HP: 29/42 MP: 5/5
  1468 | D:3      | Noticed Robin
  1471 | D:3      | Found an ornate altar of the Wu Jian Council.
  1664 | D:2      | Killed Robin
  1817 | D:3      | Gained mutation: You sometimes gain a little power by
                  | taking damage. [demonic ancestry]
  1817 | D:3      | Reached XP level 6. HP: 48/48 MP: 6/6
  1876 | D:3      | Reached skill level 4 in Axes
  2859 | D:5      | Entered Level 5 of the Dungeon
  3337 | D:4      | Gained mutation: You may rarely emit foul miasma when
                  | damaged in melee. [demonic ancestry]
  3337 | D:4      | Reached XP level 7. HP: 54/54 MP: 7/7
  3366 | D:5      | Noticed Edmund
  3379 | D:5      | Killed Edmund
  3380 | D:5      | Reached skill level 1 in Dodging
  3507 | D:5      | Reached skill level 5 in Axes
  3550 | D:5      | Found a staircase to the Ecumenical Temple.
  3557 | Temple   | Entered the Ecumenical Temple
  4183 | D:5      | Reached XP level 8. HP: 49/61 MP: 8/8
  4278 | D:5      | Found a stormy altar of Qazlal.
  4286 | D:5      | Became a worshipper of Qazlal Stormbringer
  4354 | D:5      | Reached skill level 6 in Axes
  4478 | D:6      | Found Caxkocs's Jewellery Shoppe.
  4600 | D:6      | Found Innox's Armour Boutique.
  4634 | D:6      | Found Pivi's Weapon Boutique.
  4697 | D:6      | Reached skill level 5 in Armour
  4729 | D:6      | Found a shimmering blue altar of Sif Muna.
  4736 | D:6      | Reached skill level 5 in Fighting
  4816 | D:6      | Found Nutz's Jewellery Shop.
  4826 | D:6      | Bought an amulet of reflection for 330 gold pieces
  5003 | D:6      | Found Vehil's Weapon Shop.
  5012 | D:6      | Bought 6 boomerangs for 42 gold pieces
  5227 | D:6      | Reached skill level 7 in Axes
  5484 | D:7      | Found Ceafuwk's Firing Range.
  5514 | D:7      | Bought a throwing net for 33 gold pieces
  5514 | D:7      | Bought 2 boomerangs for 11 gold pieces
  5590 | D:7      | Found a runed translucent door.
  5591 | D:7      | Noticed Crazy Yiuf
  5627 | D:7      | Reached skill level 1 in Throwing
  5682 | D:7      | Found a runed translucent door.
  5687 | D:7      | Reached * piety under Qazlal
  5817 | D:7      | Reached XP level 9. HP: 36/68 MP: 9/9
  6179 | D:7      | Noticed Maxmaps's ghost (novice OgMo)
  6205 | D:7      | Killed Maxmaps's ghost
  6206 | D:7      | Reached skill level 1 in Invocations
  6206 | D:7      | Reached skill level 1 in Evocations
  6326 | D:7      | Killed Crazy Yiuf
  6692 | D:7      | Reached skill level 8 in Axes
  7006 | D:8      | Found a radiant altar of Vehumet.
  7074 | D:8      | Paralysed by a hornet for 3 turns
  7806 | D:9      | Found a staircase to the Orcish Mines.
  7817 | D:9      | Noticed a troll
  8057 | D:8      | Reached skill level 5 in Shields
  8141 | D:10     | Entered Level 10 of the Dungeon
  8141 | D:10     | Noticed Fannar
  8245 | D:9      | Reached XP level 10. HP: 74/76 MP: 13/13
  8923 | D:9      | Reached ** piety under Qazlal
  8966 | D:10     | Noticed Urug
  8972 | D:10     | Noticed a two-headed ogre
  9225 | D:9      | Killed Urug
  9226 | D:9      | Reached skill level 5 in Invocations
  9614 | D:10     | Noticed an orc knight
  9638 | D:9      | Killed an orc knight
  9639 | D:9      | Reached skill level 5 in Evocations
  9735 | D:10     | Reached skill level 9 in Axes
  9911 | D:10     | Noticed a brown ugly thing
  9947 | D:10     | Killed from afar by Fannar

Illustrated notes

Levels and vault maps discovered:
D:1:      roderic_octagonal_star, layout_rooms
D:2:      layout_loops_cross, uniq_terence, uniq_sigmund
D:3:      layout_basic, mainiacjoe_overflow_six_doors_small,
          amcnicky_altar_gilded, mainiacjoe_overflow_small_starburst, uniq_robin
D:4:      layout_rooms, serial_bayou, serial_bayou_pond_c, serial_bayou_ford_a,
          serial_bayou_lake_a, serial_bayou_shore_b
D:5:      layout_basic, nicolae_qazlal_scattered_showers,
          minmay_temple_entry_slanted, kennysheep_generic_room_7, uniq_edmund
D:6:      layout_cave_pods, kennysheep_orc_sif_temple, serial_shops,
          kennysheep_little_box, shop, shop, nicolae_shop_trees, shop,
          kennysheep_generic_room_16
D:7:      layout_basic, enter_bailey_8, ebering_ghost_reflecting_pool,
          nicolae_shop_firing_range, uniq_crazy_yiuf_cottage
D:8:      layout_loops_ring, lemuel_tele_altar
D:9:      layout_small_grid, minmay_orc_entry_guard_dogs
D:10:     minmay_bloctagon, layout_basic, uniq_erolcha, uniq_urug, uniq_fannar
Temple:   nicolae_temple_elliptical

Skill      XL: |  1  2  3  4  5  6  7  8  9 10 |
---------------+-------------------------------+-----
Axes           | 2 3 4 5 7 8 9 |  9.4
Shields        | 3 4 5 6 |  6.0
Armour         | 3 4 5 6 |  6.8
Fighting       | 4 5 6 |  6.4
Dodging        | 2 3 |  3.0
Throwing       | 1 |  1.5
Invocations    | 4 6 |  6.2
Evocations     | 3 5 |  5.6
Stealth        | |  0.4

Action                   |  1- 3 |  4- 6 |  7- 9 | 10-12 || total
-------------------------+-------+-------+-------+-------++-------
Melee: War axe           |    55 |   266 |   420 |   255 ||   996
Throw: Dart              |     3 |     2 |     5 |     7 ||    17
       Boomerang         |       |       |    15 |       ||    15
Evoke: Wand              |       |       |       |     4 ||     4
  Use: Scroll            |       |     8 |    14 |       ||    22
       Potion            |       |       |     3 |       ||     3
Armor: Chain mail        |    34 |       |       |       ||    34
       Scale mail        |    10 |   249 |   164 |       ||   423
       Plate armour      |       |       |    98 |   171 ||   269
Dodge: Dodged            |    28 |   160 |   137 |    49 ||   374
Block: Buckler           |    16 |    78 |   198 |   177 ||   469

Table legend: (Time is in decaauts)
 A = Elapsed time spent in this place.
 B = Non-inter-level travel time spent in this place.
 C = Inter-level travel time spent in this place.
 D = Time resting spent in this place.
 E = Time spent auto-exploring this place.
 F = Levels seen in this place.
 G = Mean time per level.
                   A        B        C        D        E       F      G
               +--------+--------+--------+--------+--------+-----+--------+
         Total |  10273 |  10088 |    185 |   1182 |   4833 |  11 |  933.9 |
       Dungeon |  10089 |   9904 |    185 |   1182 |   4712 |  10 | 1008.9 |
        Temple |    184 |    184 |      0 |      0 |    121 |   1 |  184.0 |
               +--------+--------+--------+--------+--------+-----+--------+

Top non-repeatable levels by time:
     D:9: 1924 daAuts
     D:7: 1175 daAuts
     D:2: 1134 daAuts
     D:8: 1086 daAuts
     D:6: 1081 daAuts
     D:3: 996 daAuts
     D:5: 868 daAuts
     D:4: 848 daAuts
     D:1: 534 daAuts
    D:10: 440 daAuts
  Temple: 184 daAuts
